 Dungeon Crawl Stone Soup version 0.20-a0-795-ga03948b (webtiles) character file.

2299372 ololoev the Sorcerer (level 27, 221/221 HPs)
             Began as a Vampire Fire Elementalist on Mar 1, 2017.
             Was the Champion of Vehumet.
             Escaped with the Orb
             ... and 4 runes on Mar 2, 2017!
             The game lasted 06:31:43 (93151 turns).

ololoev the Sorcerer (Vampire Fire Elementalist)   Turns: 93151, Time: 06:31:43

Health: 221/221    AC: 39    Str:  9    XL:     27
Magic:  69/69      EV: 17    Int: 55    God:    Vehumet [******]
Gold:   4224       SH: 19    Dex: 17    Spells: 28/73 levels left

rFire    + + +     SeeInvis +   a - +10 scimitar of Iconoclasm {speed, rF+ rC+ Int+10 Stlth-}
rCold    + + +     Gourm    .   C - +9 ice dragon scales "Jeuqaser" {rElec rF- rC++ MP+9 Dex+2 SInv}
rNeg     + + .     Faith    +   L - +2 shield of Resistance {rF+ rC+ MR+}
rPois    +         Spirit   .   z - +3 hat of Pondering {ponderous, MR+ MP+10 Int+5}
rElec    +         Reflect  .   J - +2 cloak {rPois}
rCorr    .         Harm     .   u - +3 pair of gauntlets of War {Slay+5}
MR       +++++                  K - +2 pair of boots {run}
Stlth    +.........             G - amulet of the Duke {Faith MR+ Int+5 Stlth-}
Regen    0.5/turn               Q - ring "Becsiw" {Fire Str+2 Int+4 Stlth-}
MPRegen  0.5/turn               R - ring "Arhaosah" {rF+ rN+ Str+2 Int+3}

@: studying Fighting
A: antennae 1, fangs 3, large bone plates 1, see invisible, clumsy 1, weak 1,
unbreathing
0: Orb of Zot
}: 4/15 runes: decaying, slimy, silver, gossamer
a: Bat Form, Renounce Religion


Innate Abilities, Weirdness & Mutations

You have razor-sharp teeth.
You have supernaturally acute eyesight. (SInv)
You can survive without breathing.
You have a pair of small antennae on your head.
You are partially covered in large bone plates. (SH +4)
You are clumsy. (Dex -2)
You are weak. (Str -2)

Inventory:

Hand Weapons
 a - the +10 scimitar of Iconoclasm (weapon) {speed, rF+ rC+ Int+10 Stlth-}
   (You found it on level 24 of a ziggurat)

   Attacks with this weapon are significantly faster.
   It affects your intelligence (+10).
   It protects you from fire.
   It protects you from cold.
   It makes you less stealthy.
Armour
 u - the +3 pair of gauntlets of War (worn) {Slay+5}
   (You acquired it on level 11 of the Dungeon)

   It affects your accuracy and damage with ranged weapons and melee attacks
   (+5).
 z - the +3 hat of Pondering (worn) {ponderous, MR+ MP+10 Int+5}
   (You found it on level 1 of the Depths)

   It affects your intelligence (+5).
   It affects your resistance to hostile enchantments.
   It affects your magic capacity (+10).
 C - the +9 ice dragon scales "Jeuqaser" (worn) {rElec rF- rC++ MP+9 Dex+2 SInv}
   (You took it off a goblin in a bailey)

   It affects your dexterity (+2).
   It makes you vulnerable to fire.
   It greatly protects you from cold.
   It insulates you from electricity.
   It affects your magic capacity (+9).
   It lets you see invisible.
 J - a +2 cloak of poison resistance (worn)
 K - a +2 pair of boots of running (worn)
 L - the +2 shield of Resistance (worn) {rF+ rC+ MR+}
   (You found it on level 25 of a ziggurat)

   It protects you from fire.
   It protects you from cold.
   It affects your resistance to hostile enchantments.
 N - the +1 cloak of Starlight {rElec rC+ EV+4 Stlth--}
   (You found it on level 16 of a ziggurat)

   It affects your evasion (+4).
   It protects you from cold.
   It insulates you from electricity.
   It makes you much less stealthy.
Magical Staves
 P - an uncursed staff of energy
Jewellery
 G - the amulet of the Duke (around neck) {Faith MR+ Int+5 Stlth-}
   (You found it in a treasure trove)

   [amulet of faith]

   It allows you to gain divine favour quickly.
   It affects your intelligence (+5).
   It affects your resistance to hostile enchantments.
   It makes you less stealthy.
 Q - the ring "Becsiw" (right hand) {Fire Str+2 Int+4 Stlth-}
   (You found it on level 23 of a ziggurat)

   [ring of fire]

   It enhances your fire magic.
   It affects your strength (+2).
   It affects your intelligence (+4).
   It protects you from fire.
   It makes you vulnerable to cold.
   It makes you less stealthy.
 R - the ring "Arhaosah" (left hand) {rF+ rN+ Str+2 Int+3}
   (You found it on level 3 of the Crypt)

   [ring of positive energy]

   It affects your strength (+2).
   It affects your intelligence (+3).
   It protects you from fire.
   It protects you from negative energy.
Wands
 c - a wand of digging (14/24)
Scrolls
 d - 30 scrolls of remove curse
 f - 4 scrolls of immolation
 h - 5 scrolls of magic mapping
 i - a scroll of summoning
 k - 10 scrolls of fear
 l - 15 scrolls of teleportation
 n - 6 scrolls of recharging
 r - 15 scrolls of enchant armour
 s - 26 scrolls of fog
 y - 20 scrolls of blinking
 B - 7 scrolls of identify
 I - 18 scrolls of amnesia
Potions
 e - 11 potions of brilliance
 g - a potion of invisibility
 j - 5 potions of heal wounds
 m - 13 potions of curing
 q - 2 potions of might
 t - 10 potions of flight
 v - 7 potions of agility
 w - 8 potions of blood
 x - 11 potions of haste
 A - 25 potions of mutation
 E - 3 potions of cancellation
 F - 5 potions of resistance
Books
 b - a manual of Fighting
Miscellaneous
 O - 2 phantom mirrors
 S - a +1 figurine of a ziggurat


   Skills:
 + Level 19.1 Fighting
 + Level 15.8 Armour
 + Level 19.9 Dodging
 - Level 19.9 Stealth
 * Level 15.0 Shields
 * Level 23.9 Spellcasting
 * Level 21.9 Conjurations
 - Level 3.5 Charms
 - Level 3.5 Necromancy
 - Level 2.6 Translocations
 * Level 22.7 Fire Magic
 * Level 19.1 Earth Magic
 - Level 9.8 Evocations


You had 28 spell levels left. You knew the following spells: Your Spells Type Power Failure Level Hunger a - Fire Storm Conj/Fire #########. 3% 9 None b - Orb of Destruction Conj ########.. 1% 7 None c - Sticky Flame Conj/Fire ######## 0% 4 None d - Fireball Conj/Fire #########. 0% 5 None f - Ignition Fire #########. 1% 8 None g - Regeneration Chrm/Necr #######... 1% 3 None p - Apportation Tloc ###### 1% 1 None s - Lehudib's Crystal Sp Conj/Erth ########.. 1% 8 None You escaped. You worshipped Vehumet. Vehumet was exalted by your worship. You were not thirsty. You visited 12 branches of the dungeon, and saw 58 of its levels. You visited 1 bazaar. You completed 1 ziggurat, and saw 27 of its levels. You also visited: Trove, Bailey and Ice Cave. You collected 11589 gold pieces. You spent 7365 gold pieces at shops. #..# #........## #...... #..# #..####'### #.###.# #..# ##.##≈♣.♣≈## #.# #.# ### #..####.#≈≈♣.♣≈≈#### #.# #.# ..###.......#≈≈♣.♣≈≈#..# #.# #.. #.........(.#≈♣...♣≈##.# #.# #.. ..###.#######♣.....♣ #.# #.# #.# .## #.########.#.#.# #.# #.# #.# .# #.......####@### #.# #.# #.# .# ######### #######.####.###.# .# #......)......... .# ######........... .# ########.#.# .# ##....# .# #.....# .## #.....# ..######### #......

Notes
Turn   | Place    | Note
-------+----------+-------------------------------------------
     0 | D:1      | ololoev the Vampire Fire Elementalist began the quest for the Orb.
     0 | D:1      | Reached XP level 1. HP: 13/13 MP: 3/3
   265 | D:1      | Reached skill level 1 in Conjurations
   586 | D:1      | Reached XP level 2. HP: 19/19 MP: 0/5
  1325 | D:1      | Reached XP level 3. HP: 24/24 MP: 3/6
  1380 | D:2      | Found a shadowy altar of Dithmenos.
  1405 | D:2      | Learned a level 3 spell: Conjure Flame
  1579 | D:2      | Noticed a moth of wrath
  1582 | D:2      | Found a bloodstained altar of Trog.
  1867 | D:2      | Found a faded altar of an unknown god.
  1925 | D:2      | Noticed Jessica
  1931 | D:2      | Killed Jessica
  1931 | D:2      | Reached XP level 4. HP: 21/30 MP: 3/7
  2193 | D:2      | Learned a level 3 spell: Inner Flame
  2840 | D:3      | Found a burning altar of Makhleb.
  2916 | D:3      | Reached XP level 5. HP: 29/35 MP: 2/9
  3278 | D:3      | Noticed Ijyb
  3372 | D:3      | Killed Ijyb
  3372 | D:3      | Reached skill level 3 in Spellcasting
  3466 | D:3      | Noticed Sigmund
  3598 | D:4      | Found a stormy altar of Qazlal.
  3989 | D:4      | Reached XP level 6. HP: 38/41 MP: 8/10
  4127 | D:4      | Got a polished quarterstaff
  4128 | D:4      | Identified the +4 quarterstaff of Indomitability {crush, rN+ Int+4} (You found it on level 4 of the Dungeon)
  4132 | D:4      | Found Xobb's Magic Scroll Shop.
  4164 | D:4      | Bought a scroll of identify for 20 gold pieces
  4164 | D:4      | Bought a scroll of identify for 20 gold pieces
  4164 | D:4      | Bought a scroll of random uselessness for 10 gold pieces
  4164 | D:4      | Bought a scroll of identify for 20 gold pieces
  4164 | D:4      | Bought a scroll of identify for 20 gold pieces
  4164 | D:4      | Bought a scroll of fear for 35 gold pieces
  4164 | D:4      | Bought a scroll of enchant armour for 75 gold pieces
  4164 | D:4      | Bought a scroll of fog for 20 gold pieces
  4164 | D:4      | Bought a scroll of immolation for 35 gold pieces
  4194 | D:4      | Reached skill level 5 in Stealth
  4200 | D:4      | Learned a level 4 spell: Sticky Flame
  4699 | D:4      | Found an iron altar of Okawaru.
  4833 | D:4      | Reached XP level 7. HP: 24/46 MP: 3/12
  4985 | D:5      | Entered Level 5 of the Dungeon
  5035 | D:5      | Noticed Pikel
  5140 | D:5      | Noticed Blork the orc
  5148 | D:5      | Killed Blork the orc
  5197 | D:5      | Reached skill level 4 in Spellcasting
  5250 | D:5      | Killed Pikel
  5250 | D:5      | Reached XP level 8. HP: 43/52 MP: 3/15
  5388 | D:5      | Noticed Duvessa
  5390 | D:5      | Found a staircase to the Ecumenical Temple.
  5400 | Temple   | Entered the Ecumenical Temple
  5457 | Temple   | Became a worshipper of Vehumet
  5746 | D:5      | Noticed Dowan
  5754 | D:5      | Killed Duvessa
  5754 | D:5      | Killed Dowan
  5754 | D:5      | Reached skill level 5 in Spellcasting
  5754 | D:5      | Reached skill level 5 in Fire Magic
  6064 | D:6      | Learned a level 5 spell: Fireball
  6335 | D:6      | Noticed Menkaure
  6341 | D:6      | Killed Menkaure
  6341 | D:6      | Reached skill level 5 in Conjurations
  6720 | D:6      | Reached XP level 9. HP: 57/57 MP: 8/17
  7062 | D:6      | Reached * piety under Vehumet
  7062 | D:6      | Offered knowledge of Freeze by Vehumet.
  7539 | D:7      | Reached skill level 6 in Spellcasting
  9003 | D:8      | Reached ** piety under Vehumet
  9007 | D:8      | Found a burning altar of Makhleb.
  9027 | D:8      | Offered knowledge of Throw Frost by Vehumet.
  9366 | D:8      | Found a sacrificial altar of Ru.
  9674 | D:4      | Bought a scroll of brand weapon for 200 gold pieces
  9674 | D:4      | Bought 2 scrolls of amnesia for 70 gold pieces
  9797 | D:3      | Found a sacrificial altar of Ru.
  9930 | D:3      | Learned a level 2 spell: Throw Flame
 10087 | D:3      | Offered knowledge of Static Discharge by Vehumet.
 10162 | D:3      | Killed Sigmund
 10162 | D:3      | Reached XP level 10. HP: 63/63 MP: 12/20
 10435 | D:4      | Reached skill level 8 in Spellcasting
 10435 | D:4      | Reached XP level 11. HP: 68/68 MP: 20/23
 11153 | D:9      | Noticed a two-headed ogre
 11167 | D:9      | Killed a two-headed ogre
 11167 | D:9      | Reached skill level 9 in Spellcasting
 11467 | D:9      | Reached *** piety under Vehumet
 11641 | D:9      | Found a staircase to the Lair.
 11692 | D:9      | Found a glowing golden altar of the Shining One.
 11692 | D:9      | Noticed Prince Ribbit
 11697 | D:9      | Killed Prince Ribbit
 12299 | D:10     | Entered Level 10 of the Dungeon
 12648 | D:10     | Noticed a two-headed ogre
 12651 | D:10     | HP: 1/68 [two-headed ogre/giant club (24)]
 12660 | D:10     | Killed a two-headed ogre
 13205 | D:10     | Reached skill level 10 in Stealth
 13208 | D:10     | Offered knowledge of Force Lance by Vehumet.
 13422 | D:10     | Noticed Yehuk's ghost (journeyman TrTm)
 13443 | D:10     | Killed Yehuk's ghost
 14245 | D:11     | Found a flagged portal.
 14269 | Bailey   | Entered a bailey
 14796 | Bailey   | Reached **** piety under Vehumet
 14815 | Bailey   | Found an iron altar of Okawaru.
 14815 | Bailey   | Noticed an orc high priest
 14824 | Bailey   | Offered knowledge of Ignite Poison by Vehumet.
 14825 | Bailey   | Killed an orc high priest
 15072 | Bailey   | Got ancient ice dragon scales
 15083 | Bailey   | Identified the +9 ice dragon scales "Jeuqaser" {rElec rF- rC++ MP+9 Dex+2 SInv} (You took it off a goblin in a bailey)
 15477 | Bailey   | Reached XP level 12. HP: 74/74 MP: 20/25
 15752 | D:11     | Identified Leonk's Grimoire of Entrancing Black Secrets
 15822 | D:11     | Noticed a two-headed ogre
 15835 | D:11     | Killed a two-headed ogre
 16168 | D:11     | Found a sparkling altar of Nemelex Xobeh.
 16237 | D:11     | HP: 1/74 [centaur skeleton/exploding inner flame[the player character] (73)]
 16903 | D:11     | Noticed a two-headed ogre
 16907 | D:11     | Killed a two-headed ogre
 16907 | D:11     | Reached skill level 1 in Armour
 16907 | D:11     | Reached skill level 10 in Spellcasting
 16971 | D:11     | Found a hide-covered altar of Uskayaw.
 16977 | D:11     | Reached ***** piety under Vehumet
 17027 | D:11     | Noticed a two-headed ogre
 17075 | D:11     | Killed a two-headed ogre
 17247 | D:11     | Reached XP level 13. HP: 79/79 MP: 27/27
 17466 | D:11     | Offered knowledge of Bolt of Fire by Vehumet.
 17486 | D:12     | Found Vilitef's Assorted Antiques.
 17496 | D:12     | Bought a diamond ring for 190 gold pieces
 17496 | D:12     | Bought a scroll of identify for 76 gold pieces
 17779 | D:12     | Found Cylam's Food Emporium.
 17855 | D:12     | Found Pustall's Antique Armour Emporium.
 17873 | D:12     | Reached skill level 5 in Dodging
 18109 | D:12     | Found Ihier's Book Shoppe.
 18252 | D:12     | Found a staircase to the Orcish Mines.
 18673 | D:12     | Found Yxiuck's Magic Scroll Shop.
 18681 | D:12     | Bought a scroll of identify for 36 gold pieces
 18791 | D:13     | Found a gate to the Vaults.
 18791 | D:13     | Noticed Urug
 18791 | D:13     | Noticed Rupert
 18799 | D:13     | Killed Rupert
 18799 | D:13     | Reached skill level 10 in Fire Magic
 18801 | D:13     | Killed Urug
 19054 | D:13     | Reached XP level 14. HP: 85/85 MP: 23/28
 19056 | D:13     | Offered knowledge of Bolt of Magma by Vehumet.
 19769 | D:13     | Found a deep blue altar of Sif Muna.
 20111 | Orc:1    | Entered Level 1 of the Orcish Mines
 20132 | Orc:1    | Reached skill level 11 in Spellcasting
 20530 | Orc:1    | Noticed an orc warlord
 20556 | Orc:1    | Killed an orc warlord
 20702 | Orc:1    | Found Ruahen's Jewellery Boutique.
 20914 | Orc:1    | Reached skill level 10 in Conjurations
 21173 | Orc:1    | Found a roughly hewn altar of Beogh.
 21501 | Orc:2    | Entered Level 2 of the Orcish Mines
 21945 | Orc:2    | Found a staircase to the Elven Halls.
 21978 | Orc:2    | Learned a level 3 spell: Regeneration
 22178 | Orc:2    | Offered knowledge of Bolt of Cold by Vehumet.
 24025 | Orc:2    | Found Useuth's Gadget Boutique.
 24026 | Orc:2    | Found Sonn's Food Shop.
 24031 | Orc:2    | Found Xeew's General Store.
 24040 | Orc:2    | Found Weheuppyrgh's General Store.
 24044 | Orc:2    | Bought a scroll of summoning for 114 gold pieces
 24398 | D:12     | Bought a scroll of blinking for 135 gold pieces
 24398 | D:12     | Bought a scroll of identify for 36 gold pieces
 24398 | D:12     | Bought a scroll of blinking for 135 gold pieces
 24398 | D:12     | Bought a scroll of identify for 36 gold pieces
 25593 | D:14     | Offered knowledge of Spellforged Servitor by Vehumet.
 25868 | D:14     | Noticed Kirke
 25870 | D:14     | Iwannabefree: >>>>>>31435
                  | Elf:1
                  | Goblin1989: ты же сказал - резистов нету
 31443 | Elf:1    | Goblin1989: а сам пошел сюда
 31446 | Elf:1    | ololoev: tak mne je pofig
 31563 | Orc:2    | Goblin1989: забавно :)
 31569 | Elf:1    | Goblin1989: какие шансы на победу?
 31573 | Elf:1    | ololoev: voobshe esli derjatsya thirsty t orezisty est
 31573 | Elf:1    | ololoev: shansi 97%
 31778 | Elf:1    | ololoev: ololololololo
 31782 | Elf:1    | Killed from afar by a blizzard demon
 25871 | D:14     | ololoev: ну блин
 25871 | D:14     | ololoev: я прилетел в комнату с кучей педиков
 25871 | D:14     | ololoev: 3% случились
 25875 | D:14     | Reached XP level 15. HP: 90/90 MP: 14/30
 25876 | D:14     | Killed Kirke
 25888 | D:14     | Noticed Agnes
 25888 | D:14     | Iwannabefree: меня тоже в последнее время чет рнг ебет
 26217 | D:14     | Noticed Nessos
 26578 | D:14     | Killed Nessos
 26578 | D:14     | Reached skill level 12 in Spellcasting
 26862 | Lair:1   | Entered Level 1 of the Lair of Beasts
 27113 | Lair:1   | Noticed Grum
 27118 | Lair:1   | Killed Grum
 27308 | Lair:1   | Noticed Fannar
 27312 | Lair:1   | Killed Fannar
 27540 | Lair:2   | Noticed Sonja
 27561 | Lair:2   | Killed Sonja
 27580 | Lair:2   | Noticed Erica
 27583 | Lair:2   | Killed Erica
 28233 | Lair:2   | Noticed Gastronok
 28241 | Lair:2   | Killed Gastronok
 28473 | Lair:2   | Found a basalt altar of Yredelemnul.
 28493 | Lair:2   | Found a hole to the Spider Nest.
 29671 | Lair:4   | Offered knowledge of Freezing Cloud by Vehumet.
 30301 | Lair:4   | Found a radiant altar of Vehumet.
 30327 | Lair:4   | Found a staircase to the Swamp.
 31233 | Lair:5   | Reached skill level 1 in Fighting
 31555 | Lair:5   | Reached XP level 16. HP: 96/99 MP: 7/32
 32001 | Lair:6   | Entered Level 6 of the Lair of Beasts
 32875 | Lair:6   | Reached skill level 13 in Spellcasting
 33625 | Lair:6   | Reached ****** piety under Vehumet
 34041 | Lair:6   | Offered knowledge of Ozocubu's Refrigeration by Vehumet.
 34606 | Lair:6   | Found a runed door.
 34606 | Lair:6   | Found a viscous altar of Jiyva.
 34607 | Lair:6   | Found a staircase to the Slime Pits.
 34739 | Lair:6   | Found a runed door.
 35766 | Lair:6   | Iwannabefree: #
 35767 | Lair:6   | Got an ancient scarf
 35778 | Lair:6   | Identified the scarf of the Fiend {+Blink rN+ Str-4} (You found it on level 6 of the Lair of Beasts)
 35791 | Lair:6   | Iwannabefree: ebat shmot
 35796 | Lair:6   | ololoev: na faitera samoe ono
 35939 | Lair:6   | Iwannabefree: delai faitera
 35946 | Lair:6   | ololoev: ninujen
 36064 | Swamp:1  | Entered Level 1 of the Swamp
 36229 | Swamp:1  | Offered knowledge of Orb of Destruction by Vehumet.
 36284 | Swamp:1  | Learned a level 7 spell: Orb of Destruction
 38014 | Swamp:2  | Noticed Nikola
 38250 | Swamp:2  | Killed Nikola
 38262 | Swamp:2  | Reached XP level 17. HP: 103/111 MP: 2/34
 39528 | Swamp:2  | Offered knowledge of Lehudib's Crystal Spear by Vehumet.
 39528 | Swamp:2  | Offered knowledge of Fire Storm by Vehumet.
 39528 | Swamp:2  | Offered knowledge of Glaciate by Vehumet.
 39670 | Swamp:2  | Learned a level 9 spell: Fire Storm
 39672 | Swamp:2  | Got a pitted granite ring
 39673 | Swamp:2  | Identified the ring of Tidghig {AC+3 Slay+2} (You found it on level 2 of the Swamp)
 39678 | Swamp:2  | ololoev: nujno bolshe slayinga
 40428 | Swamp:3  | Reached skill level 14 in Spellcasting
 41800 | Swamp:4  | Entered Level 4 of the Swamp
 41881 | Swamp:4  | wvc: ayyy ololoev
 41881 | Swamp:4  | ololoev: hy wvc
 41960 | Swamp:4  | Reached skill level 10 in Dodging
 42474 | Swamp:4  | Noticed Louise
 42496 | Swamp:4  | murphy: is she res?
 42501 | Swamp:4  | ololoev: ring of rF or something similar
 42502 | Swamp:4  | murphy: i see
 42963 | Swamp:4  | murphy: how do u have 30 ac O.o?
 42967 | Swamp:4  | ololoev: +9 IDA
 42971 | Swamp:4  | murphy: oh
 42977 | Swamp:4  | murphy: u found it?
 42978 | Swamp:4  | ololoev: randart from bailey
 43153 | Swamp:4  | Reached skill level 5 in Fighting
 43321 | Swamp:4  | murphy: seems like a good swamp ending for u
 43323 | Swamp:4  | ololoev: yep
 43655 | Swamp:4  | Killed Louise
 43655 | Swamp:4  | Reached skill level 10 in Armour
 44368 | Swamp:4  | Got a decaying rune of Zot
 44562 | Spider:1 | Entered Level 1 of the Spider Nest
 45031 | Spider:1 | Reached XP level 18. HP: 121/121 MP: 35/36
 46311 | D:15     | Entered Level 15 of the Dungeon
 47385 | D:15     | Found a blossoming altar of Fedhas.
 47749 | D:15     | Found a staircase to the Depths.
 47946 | Elf:1    | Entered Level 1 of the Elven Halls
 47946 | Elf:1    | Found Bionwen's Antique Weapon Shop.
 47961 | Elf:1    | Reached skill level 15 in Spellcasting
 48183 | Elf:1    | Got slimy storm dragon scales
 48184 | Elf:1    | Identified the +6 storm dragon scales "Keel Rao" {rElec rCorr MP+9 Int-3 Dex+7} (You found it on level 1 of the Elven Halls)
 48579 | D:12     | Bought a slimy leather armour for 203 gold pieces
 48579 | D:12     | Identified the +4 leather armour of Calculation {rC+ Slay+5} (You bought it in a shop on level 12 of the Dungeon)
 48590 | D:12     | ololoev: slay +12!
 48590 | D:12     | ololoev: eee
 49763 | Elf:2    | Identified the cursed +1 dagger of the Open Hand {elec, rF+} (You found it on level 2 of the Elven Halls)
 50196 | Elf:2    | Found a runed gate.
 50197 | Elf:2    | Found a runed gate.
 50197 | Elf:2    | Found a runed gate.
 50976 | Elf:2    | Identified the +1 robe "Jopy" {*Slow rCorr Str+2 Int+3} (You found it on level 2 of the Elven Halls)
 51049 | Elf:2    | Reached XP level 19. HP: 130/130 MP: 30/38
 51101 | Elf:3    | Entered Level 3 of the Elven Halls
 51329 | Elf:3    | Reached XP level 20. HP: 137/137 MP: 32/39
 51794 | Elf:3    | wvc: Давно счётчик шума добавили? Оно по дефолту включено?
 51794 | Elf:3    | ololoev: paru nedel kak
 51794 | Elf:3    | ololoev: po defaultu
 52696 | Elf:3    | Got an ichor-stained mace {freeze}
 52708 | Elf:3    | Identified the cursed +3 mace of Poix {freeze, rF+ MR- Dex+6} (You took it off a deep elf demonologist on level 3 of the Elven Halls)
 52735 | Elf:3    | Got a pitted tin ring
 53009 | Elf:3    | Got a jewelled helmet
 53010 | Elf:3    | Identified the +5 helmet of Kindness {*Corrode MR+++ Dex+4} (You found it on level 3 of the Elven Halls)
 53126 | Elf:3    | Identified Dedef's Spellcraft, Part Four
 53152 | Elf:3    | Identified the ring "Ygiohef" {Fire *Corrode MR++ Dex+8} (You took it off a deep elf sorcerer on level 3 of the Elven Halls)
 53155 | Elf:3    | Identified the Volume of Warped Envenoming
 53474 | D:12     | Bought a scroll of acquirement for 936 gold pieces
 53477 | D:12     | Got a brightly glowing helmet
 53488 | D:12     | Identified the +0 helmet of Wonder {Dex+4 Slay+3} (You acquired it on level 12 of the Dungeon)
 54195 | Vaults:1 | Entered Level 1 of the Vaults
 54318 | Vaults:1 | Noticed Morrissey's ghost (adept MiBe)
 54480 | Vaults:1 | Killed Morrissey's ghost
 55301 | Vaults:1 | Got a transparent falchion {elec}
 55304 | Vaults:1 | Identified the +6 falchion of Kaosusuf {elec, Int+3} (You took it off an ironbrand convoker on level 1 of the Vaults)
 55578 | Vaults:1 | Reached skill level 16 in Spellcasting
 56407 | Spider:3 | Reached XP level 21. HP: 146/146 MP: 9/41
 57090 | Spider:4 | Entered Level 4 of the Spider Nest
 57104 | Spider:4 | Found a frozen archway.
 57113 | IceCv    | Entered an ice cave
 57396 | IceCv    | Reached skill level 15 in Fire Magic
 59302 | Spider:4 | Got a gossamer rune of Zot
 60423 | Vaults:2 | Found a staircase to the Crypt.
 60423 | Vaults:2 | Found an ancient bone altar of Kikubaaqudgha.
 60424 | Vaults:2 | Found a basalt altar of Yredelemnul.
 61894 | Vaults:3 | Found a flickering gateway to a bazaar.
 61902 | Bazaar   | Entered a bazaar
 61902 | Bazaar   | Found Natupp's General Store.
 61902 | Bazaar   | Found Nuezoh's Antique Armour Shop.
 61902 | Bazaar   | Found Mexzuxkutt's Antique Armour Shoppe.
 61904 | Bazaar   | Found Yxutus's Antique Weapon Shoppe.
 61957 | Bazaar   | Bought an ancient buckler for 199 gold pieces
 61960 | Bazaar   | Bought a smoking hand axe for 248 gold pieces
 61968 | Bazaar   | Bought the +3 warlock's mirror {reflect} for 1480 gold pieces
 61969 | Bazaar   | Identified the +9 hand axe of Quantum Leap {pain, Str+3 Int+3} (You bought it in a shop in a bazaar)
 61975 | Bazaar   | Identified the +1 buckler of Recklessness {Int+2} (You bought it in a shop in a bazaar)
 62136 | Vaults:3 | Reached XP level 22. HP: 155/155 MP: 29/42
 62284 | Vaults:3 | Reached skill level 17 in Spellcasting
 62646 | Crypt:1  | Entered Level 1 of the Crypt
 62659 | Crypt:1  | Reached skill level 15 in Conjurations
 65672 | Crypt:3  | Entered Level 3 of the Crypt
 66423 | Vaults:3 | Got an ancient rapier {freeze}
 66445 | Vaults:3 | Identified the +6 rapier of the Bruised Princes {freeze, -Tele rPois Int+3} (You took it off an ironbrand convoker on level 3 of the Vaults)
 66451 | Vaults:3 | Reached skill level 10 in Fighting
 66497 | Vaults:3 | Reached XP level 23. HP: 148/165 MP: 25/44
 66807 | Vaults:3 | Identified the +0 ring mail of the Salamander {Int+4} (You found it on level 3 of the Vaults)
 67708 | Crypt:3  | Found a staircase to the Tomb.
 67710 | Crypt:3  | Noticed an ancient lich
 67745 | Crypt:3  | Killed an ancient lich
 68213 | Crypt:3  | Got a bound wooden ring
 68406 | Crypt:3  | Identified the ring of Mirth {rElec rN+ MP+9 Int-4 Stlth+} (You took it off a hell knight on level 3 of the Crypt)
 68414 | Crypt:3  | Found an ancient bone altar of Kikubaaqudgha.
 68428 | Crypt:3  | Got a translucent platinum ring
 68428 | Crypt:3  | Got a wavering steel ring
 68429 | Crypt:3  | Identified the ring "Xobaiwk" {rC+ rN+} (You found it on level 3 of the Crypt)
 68431 | Crypt:3  | Identified the ring "Arhaosah" {rF+ rN+ Str+2 Int+3} (You found it on level 3 of the Crypt)
 68444 | Crypt:3  | Identified the +2 storm dragon scales "Ageatob" {rElec rC- rN+ Slay+3} (You found it on level 3 of the Crypt)
 68446 | Crypt:3  | Identified the +0 cloak of Happiness {rPois Str+4 Dex-4 Stlth+} (You found it on level 3 of the Crypt)
 68904 | Crypt:3  | Reached skill level 18 in Spellcasting
 71258 | Vaults:4 | Goblin1989: привет
 71258 | Vaults:4 | ololoev: hi godder
 71258 | Vaults:4 | ololoev: gobber
 71778 | Vaults:4 | Reached XP level 24. HP: 174/174 MP: 25/45
 71869 | Vaults:4 | Found Rukhirul's Weapon Shoppe.
 72316 | Slime:1  | Entered Level 1 of the Pits of Slime
 72330 | Slime:1  | Goblin1989: не сильно рискуешь?
 72331 | Slime:1  | ololoev: nyet!
 72331 | Slime:1  | ololoev: shans uspeha 97%
 72331 | Slime:1  | ololoev: !!
 72482 | Slime:2  | Goblin1989: в эльфах тоже такой был :)
 72483 | Slime:2  | ololoev: da!
 72487 | Slime:1  | Goblin1989: за ход 40 урона получил и все :)
 72702 | Slime:3  | ololoev: lol eto chto za V5?
 72702 | Slime:3  | ololoev: slime version
 73044 | Slime:5  | Entered Level 5 of the Pits of Slime
 73153 | Slime:5  | Noticed the Royal Jelly
 73161 | Slime:5  | Killed the Royal Jelly
 73748 | Slime:5  | Got a heavily runed iron ring
 73749 | Slime:5  | Identified the ring "Zaangeh" {rPois rN+ Dex+2} (You found it on level 5 of the Pits of Slime)
 73769 | Slime:5  | Identified the Reference Book on Feathery Attacks
 73776 | Slime:5  | Learned a level 1 spell: Apportation
 73800 | Slime:5  | Identified Sif Muna's Almanac of Hexes
 73804 | Slime:5  | Got a slimy rune of Zot
 73817 | Slime:5  | Identified the Compendium of the Mountains and Curses
 73867 | Slime:5  | Learned a level 8 spell: Ignition
 73870 | Slime:5  | Identified the cursed +0 helmet of the Duchess {rF++ rCorr Dex-3 Stlth+} (You found it on level 5 of the Pits of Slime)
 74471 | Depths:1 | Entered Level 1 of the Depths
 74479 | Depths:1 | Noticed a juggernaut
 74479 | Depths:1 | Reached skill level 1 in Charms
 74485 | D:15     | Reached skill level 1 in Necromancy
 74777 | Depths:1 | Reached skill level 1 in Translocations
 74777 | Depths:1 | Goblin1989: блин,. пропустил все веселье. :( Взял руну?
 74778 | Depths:1 | ololoev: da
 74778 | Depths:1 | ololoev: easy
 74783 | D:15     | Goblin1989: было что интересного в луте?
 74794 | D:15     | Killed a juggernaut
 74804 | D:15     | ololoev: vse hren
 74954 | D:12     | Bought a dented lapis lazuli amulet for 190 gold pieces
 74954 | D:12     | Bought a potion of haste for 380 gold pieces
 74954 | D:12     | Bought a sparkling book for 570 gold pieces
 74954 | D:12     | Identified the Catalogue of Shifting Ignition (You bought it in a shop on level 12 of the Dungeon)
 75131 | Depths:1 | Reached skill level 19 in Spellcasting
 75285 | Depths:1 | Identified the Almanac of Icy Weightlessness
 75292 | Depths:1 | ololoev: oh ti j e!
 75292 | Depths:1 | ololoev: ponder!
 75292 | Depths:1 | ololoev: hvala gastronomu!
 75293 | Depths:1 | Goblin1989: ну круто :)
 75334 | Depths:1 | Goblin1989: че там шторм, сколько фейла?
 75340 | Depths:1 | ololoev: 70% primerno
 75340 | Depths:1 | ololoev: dalekovato
 75350 | Depths:1 | Goblin1989: может, под бриллом скастуется все-таки?
 75351 | Depths:1 | ololoev: poka ninujen
 75381 | Depths:1 | ololoev: sha podkachaus v depthsax
 75381 | Depths:1 | ololoev: poidu v zig, tam vkachau shtorm
 75915 | Depths:1 | Found a runed door.
 76468 | Depths:1 | Found a gateway to Hell.
 76617 | Depths:2 | Reached skill level 15 in Dodging
 76617 | Depths:2 | Reached XP level 25. HP: 182/182 MP: 46/46
 76811 | Depths:2 | Learned a level 8 spell: Lehudib's Crystal Spear
 77260 | Depths:2 | Found a portal to a secret trove of treasure.
 77504 | D:12     | Bought a book of Annihilations for 1876 gold pieces
 77740 | Depths:2 | You paid a toll of a book of Annihilations to enter a treasure trove
 77741 | Trove    | Entered a treasure trove
 77749 | Trove    | Identified the scarf of the Sky {rN++ Int-3 Dex+4 Stlth+} (You found it in a treasure trove)
 77756 | Trove    | Got a serpentine copper amulet
 77757 | Trove    | Identified the amulet of the Duke {Faith MR+ Int+5 Stlth-} (You found it in a treasure trove)
 77899 | Depths:2 | Reached skill level 1 in Earth Magic
 78415 | Depths:2 | Identified the +3 hand axe "Hirhuk" {freeze, Str+4} (You found it on level 2 of the Depths)
 78510 | Depths:3 | Goblin1989: а что за бронька на тебе? как-то не похоже на робу, судя по AC И EV
 78729 | Depths:3 | Found a one-way gate leading to the halls of Pandemonium.
 79104 | Depths:3 | Goblin1989: ты стелс качаешь? о_О
 79112 | Depths:3 | ololoev: da
 79247 | Depths:3 | Found a corrupted altar of Lugonu.
 79247 | Depths:3 | Found a one-way gate to the infinite horrors of the Abyss.
 79269 | Depths:3 | Goblin1989: зечем тебе он, если ты шторм кастовать будешь? о_О
 79270 | Depths:3 | ololoev: chtobi podkrastsya i zaryadit shtormom po zadu!
 79280 | Depths:3 | Goblin1989: хм
 79400 | Depths:3 | Goblin1989: я тут недавно баш читал, выитал во
 79400 | Depths:3 | Goblin1989: вот это
 79400 | Depths:3 | Goblin1989: http://bash.im/quote/443671
 79493 | Depths:3 | Reached skill level 5 in Shields
 79702 | Depths:3 | Identified a +2 pair of boots of running (You found it on level 3 of the Depths)
 79795 | Depths:3 | Found an iron altar of Okawaru.
 79804 | Depths:3 | Identified the -7 pair of gloves "Vajow" {rElec rN+ Dex+6} (You found it on level 3 of the Depths)
 79806 | Depths:3 | Identified the -2 buckler "Guyddui" {rN+} (You found it on level 3 of the Depths)
 80024 | Depths:4 | ololoev: ti mne napomnil chto nado pochitat dcss gruppu vk
 80489 | Depths:4 | Noticed Mara
 80502 | Depths:4 | Noticed ololoev's illusion
 80780 | Depths:4 | Noticed ololoev's illusion
 80781 | Depths:4 | Killed Mara
 80815 | Depths:4 | Goblin1989: ну, что там новенького написали? не был там с тех пор как все группы со своей страницы поудялял :)
 80852 | Depths:4 | ololoev: hz, ne smotrel eshe
 81084 | Depths:4 | Reached skill level 5 in Earth Magic
 81566 | Depths:4 | Reached XP level 26. HP: 191/191 MP: 46/46
 81567 | Depths:4 | Identified the Catalogue of Battle Magic
 81571 | Depths:4 | Identified the +4 mace of Kisicw {distort, rF++ MR+} (You found it on level 4 of the Depths)
 81819 | Depths:4 | Noticed an ancient lich
 81823 | Depths:4 | Killed an ancient lich
 82751 | Depths:5 | Entered Level 5 of the Depths
 82768 | Depths:5 | Noticed a juggernaut
 82771 | Depths:5 | Killed a juggernaut
 82771 | Depths:5 | Reached skill level 15 in Stealth
 82771 | Depths:5 | Reached XP level 27. HP: 197/197 MP: 28/46
 82821 | Depths:5 | Found a gateway to a ziggurat.
 82942 | Depths:5 | Found Mefuseil's Book Shoppe.
 82983 | Depths:5 | Goblin1989: короче не ходи туда
 83049 | Depths:5 | ololoev: y?
 83049 | Depths:5 | Goblin1989: ничего интересного там нету, даже посмеяться не над чем :(
 83259 | Depths:5 | Goblin1989: вкгруппу
 83516 | Depths:5 | ololoev: poch?
 83685 | Depths:5 | Goblin1989: ничего глупо-тупо-смешного нет, только просто тупое
 83819 | Depths:5 | Found a runed door.
 83828 | Depths:5 | Found a runed door.
 83986 | Depths:5 | Found a runed door.
 84168 | Depths:5 | Found a runed door.
 84270 | Depths:5 | Found a gate to the Realm of Zot.
 84270 | Depths:5 | Found a runed door.
 84303 | Depths:5 | Found a runed door.
 84586 | Depths:5 | Noticed a juggernaut
 84591 | Depths:5 | Killed a juggernaut
 85090 | Vaults:5 | Entered Level 5 of the Vaults
 85091 | Vaults:5 | Reached skill level 20 in Spellcasting
 85093 | Vaults:5 | Goblin1989: ээээ
 85094 | Vaults:5 | ololoev: ?
 85094 | Vaults:5 | Goblin1989: нечестно
 85103 | Vaults:5 | Goblin1989: за один ход весь вестиболь вынес получется?
 85107 | Vaults:5 | ololoev: da
 85107 | Vaults:5 | Goblin1989: как-то слишком имбовать
 85107 | Vaults:5 | ololoev: eto immolate improved!
 85109 | Vaults:5 | Goblin1989: да я понял
 85110 | Vaults:5 | Noticed Saint Roka
 85113 | Vaults:4 | ololoev: na samom dele net
 85113 | Vaults:4 | ololoev: rF+ ne probivaet osobo
 85113 | Vaults:4 | ololoev: damag horoshiy tolko esli mobi v kuche
 85424 | Vaults:5 | Killed Saint Roka
 85438 | Vaults:5 | Noticed Jory
 85446 | Vaults:4 | Goblin1989: интересно было бы посмотреть как им зиккурат с эльфами вычищают, когда уже штук 10 других зиккуратов прошли до этого.
 85451 | Vaults:4 | Goblin1989: но на самом деле там шаттер решает
 85589 | Vaults:5 | Goblin1989: так что не очень нужный спелл
 85593 | Vaults:5 | Killed Jory
 85902 | Vaults:5 | Got a silver rune of Zot
 86030 | Vaults:5 | Noticed an ancient lich
 86043 | Vaults:5 | Killed an ancient lich
 86454 | Vaults:5 | Got a wizard robe
 86455 | Vaults:5 | Identified the +0 robe of Tomorrow {rF- rN+++ MR+ SInv} (You took it off a deep elf death mage on level 5 of the Vaults)
 86729 | Vaults:5 | Reached skill level 10 in Earth Magic
 87147 | Vaults:5 | Identified Jomyodgh's Volume of the Blaze and Aid
 87339 | Vaults:5 | Identified the +6 chain mail of Vexation {rC++ Slay-4} (You found it on level 5 of the Vaults)
 87738 | Zig:1    | Entered Level 1 of a ziggurat
 87753 | Zig:2    | Entered Level 2 of a ziggurat
 87776 | Zig:3    | Entered Level 3 of a ziggurat
 87796 | Zig:4    | Entered Level 4 of a ziggurat
 87821 | Zig:5    | Entered Level 5 of a ziggurat
 87855 | Zig:5    | Got a bloodstained war axe
 87856 | Zig:5    | Identified the +3 war axe "Sarcophage" {protect, Str+3} (You found it on level 5 of a ziggurat)
 87862 | Zig:6    | Entered Level 6 of a ziggurat
 87886 | Zig:6    | Got a wavering pewter ring
 87887 | Zig:6    | Identified the ring "Nubakyof" {+Fly rN+ Str+2 Int-2} (You found it on level 6 of a ziggurat)
 87907 | Zig:7    | Entered Level 7 of a ziggurat
 87911 | Zig:7    | Noticed an orb of fire
 87912 | Zig:7    | Noticed an orb of fire
 87920 | Zig:7    | Gained mutation: You occasionally shout uncontrollably at your foes. [an orb of fire]
 87925 | Zig:7    | Killed an orb of fire
 87925 | Zig:7    | Killed an orb of fire
 87944 | Zig:7    | Got a scorched war axe
 87945 | Zig:7    | Identified the cursed +2 war axe "Woefolac" {flame, *Drain +Inv Str+5} (You found it on level 7 of a ziggurat)
 87949 | Zig:7    | Goblin1989: о, идея!
 87949 | Zig:7    | Goblin1989: а, не
 87953 | Zig:7    | Goblin1989: это не золото
 87958 | Zig:8    | Entered Level 8 of a ziggurat
 87968 | Zig:8    | Goblin1989: я хотел предложить золота набрать 8888
 87976 | Zig:8    | Identified the Incunabulum of Toxins
 87993 | Zig:8    | Identified the +7 scimitar of Makhleb's Whim {speed, Dex+2} (You found it on level 8 of a ziggurat)
 88017 | Zig:9    | Entered Level 9 of a ziggurat
 88022 | Zig:9    | Goblin1989: а сколько его кстати у тебя?
 88028 | Zig:9    | ololoev: hz
 88038 | Zig:9    | Identified the Grimoire of Protection
 88067 | Zig:10   | Entered Level 10 of a ziggurat
 88091 | Zig:10   | Goblin1989: 4224
 88107 | Zig:10   | Goblin1989: можно 4444 набрать!
 88109 | Zig:10   | Identified the +5 short sword "Sohoh" {pierce, rC+ MR+} (You found it on level 10 of a ziggurat)
 88112 | Zig:11   | Entered Level 11 of a ziggurat
 88135 | Zig:11   | Identified the +2 pair of gloves of the Loofah {rElec Dex+3 Slay-4} (You found it on level 11 of a ziggurat)
 88141 | Zig:11   | Got a pitted bronze amulet
 88142 | Zig:11   | Identified the amulet of the Stallion {Faith rN+ Dex+4} (You found it on level 11 of a ziggurat)
 88159 | Zig:12   | Entered Level 12 of a ziggurat
 88193 | Zig:12   | Identified the Handbook of Transformation
 88257 | Zig:13   | Entered Level 13 of a ziggurat
 88265 | Zig:13   | Noticed a greater mummy
 88265 | Zig:13   | Noticed a greater mummy
 88266 | Zig:13   | ololoev: tak
 88266 | Zig:13   | ololoev: ya zabil lignifikaciu
 88266 | Zig:13   | Noticed a greater mummy
 88267 | Zig:13   | Noticed a greater mummy
 88268 | Zig:13   | Killed a greater mummy
 88268 | Zig:13   | Killed a greater mummy
 88268 | Zig:13   | Killed a greater mummy
 88268 | Zig:13   | Reached skill level 21 in Spellcasting
 88270 | Zig:13   | Noticed a greater mummy
 88270 | Zig:13   | Killed a greater mummy
 88274 | Zig:13   | Killed a greater mummy
 88332 | Zig:13   | Identified the Tome of Supportive Necromancy
 88343 | Zig:13   | Identified Asonipn's Disquisition on Damaging Air
 88375 | Zig:14   | Entered Level 14 of a ziggurat
 88449 | Zig:15   | Entered Level 15 of a ziggurat
 88498 | Zig:15   | Got a steaming lead ring
 88499 | Zig:15   | Identified the ring "Jydal" {rPois Slay+3} (You found it on level 15 of a ziggurat)
 88526 | Zig:16   | Entered Level 16 of a ziggurat
 88554 | Zig:16   | Got a transparent marble ring
 88555 | Zig:16   | Identified the ring of New Discoveries {rC+ Str+7 Slay+3} (You found it on level 16 of a ziggurat)
 88562 | Zig:16   | Identified the Handbook of Earth and Orientation
 88566 | Zig:16   | Identified the +2 shield "Ugecko" {Stlth+} (You found it on level 16 of a ziggurat)
 88570 | Zig:16   | Got an ancient steel ring
 88571 | Zig:16   | Identified the ring of the Median {rElec rN+} (You found it on level 16 of a ziggurat)
 88575 | Zig:16   | Got a scorched silver ring
 88576 | Zig:16   | Identified the ring of Birdsong {*Tele *Contam rC+ Str+2 Stlth+} (You found it on level 16 of a ziggurat)
 88579 | Zig:16   | Identified the +8 trident of Chaos {drain, +Fly SInv} (You found it on level 16 of a ziggurat)
 88581 | Zig:16   | Identified the Papyrus of the Rocks
 88653 | Zig:17   | Entered Level 17 of a ziggurat
 88662 | Zig:17   | Noticed a greater mummy
 88664 | Zig:17   | Noticed a greater mummy
 88664 | Zig:17   | Noticed a greater mummy
 88664 | Zig:17   | Killed a greater mummy
 88665 | Zig:17   | Killed a greater mummy
 88666 | Zig:17   | Noticed a greater mummy
 88666 | Zig:17   | Noticed a greater mummy
 88667 | Zig:17   | Killed a greater mummy
 88676 | Zig:17   | Killed a greater mummy
 88676 | Zig:17   | Killed a greater mummy
 88680 | Zig:17   | Noticed a greater mummy
 88682 | Zig:17   | Killed a greater mummy
 88687 | Zig:17   | Noticed a greater mummy
 88689 | Zig:17   | Killed a greater mummy
 88790 | Zig:17   | Identified the +4 steam dragon scales of the Peculiar Souls {MR+ Dex+7} (You found it on level 17 of a ziggurat)
 88797 | Zig:18   | Entered Level 18 of a ziggurat
 88802 | Zig:18   | Reached skill level 15 in Fighting
 88828 | Zig:18   | Got an ancient granite ring
 88829 | Zig:18   | Identified the ring of Ozeuwug {rCorr MR+ Str+4 Dex+3} (You found it on level 18 of a ziggurat)
 88842 | Zig:18   | Identified the +3 rapier of Feytz {flame, +Fly rC+} (You found it on level 18 of a ziggurat)
 88913 | Zig:19   | Entered Level 19 of a ziggurat
 88955 | Zig:19   | Got a clouded jade amulet
 88956 | Zig:19   | Identified the amulet "Dyehink" {Spirit *Corrode +Blink rElec rN+++} (You found it on level 19 of a ziggurat)
 88964 | Zig:19   | Got a smoking steel ring
 88965 | Zig:19   | Identified the ring of Knowledge {rF+ Int+2 Stlth-} (You found it on level 19 of a ziggurat)
 88981 | Zig:19   | Identified the +7 spear of Morryros {freeze, rF+} (You found it on level 19 of a ziggurat)
 88983 | Zig:19   | Identified the +7 spear "Bufobeg" {holy, Str+2} (You found it on level 19 of a ziggurat)
 88988 | Zig:20   | Entered Level 20 of a ziggurat
 88999 | Zig:20   | ololoev: da e
 88999 | Zig:20   | ololoev: mumii dostali
 89000 | Zig:20   | Noticed a greater mummy
 89000 | Zig:20   | Noticed a greater mummy
 89000 | Zig:20   | Noticed a greater mummy
 89003 | Zig:20   | Noticed a greater mummy
 89004 | Zig:20   | Killed a greater mummy
 89004 | Zig:20   | Killed a greater mummy
 89004 | Zig:20   | Killed a greater mummy
 89028 | Zig:20   | Killed a greater mummy
 89043 | Zig:20   | Noticed a greater mummy
 89044 | Zig:20   | Killed a greater mummy
 89250 | Zig:20   | Identified the +0 shield of Poor Excuses {rF+ Dex+2} (You found it on level 20 of a ziggurat)
 89257 | Zig:20   | Identified the cursed +2 broad axe "Guhausch" {chop, rN+ Str-2 Stlth+} (You found it on level 20 of a ziggurat)
 89260 | Zig:20   | Identified the -5 pair of gloves of Music {rF- MR+ rCorr} (You found it on level 20 of a ziggurat)
 89281 | Zig:21   | Entered Level 21 of a ziggurat
 89307 | Zig:21   | Reached skill level 15 in Earth Magic
 89350 | Zig:21   | Got a scintillating tin ring
 89351 | Zig:21   | Identified the ring of Reimbursement {MR+ Str+5 Int+4 SInv Stlth-} (You found it on level 21 of a ziggurat)
 89361 | Zig:21   | Identified the cursed +0 long sword "Wathrual" {drain, rElec Str+2} (You found it on level 21 of a ziggurat)
 89519 | Zig:21   | Lost mutation: You occasionally shout uncontrollably at your foes. [potion of mutation]
 89519 | Zig:21   | Gained mutation: You are partially covered in large bone plates. (SH +4) [potion of mutation]
 89519 | Zig:21   | Gained mutation: You have a pair of small antennae on your head. [potion of mutation]
 89536 | Zig:22   | Entered Level 22 of a ziggurat
 89550 | Zig:22   | Noticed a juggernaut
 89550 | Zig:22   | Noticed a juggernaut
 89550 | Zig:22   | Noticed a juggernaut
 89551 | Zig:22   | Noticed a juggernaut
 89552 | Zig:22   | Killed a juggernaut
 89552 | Zig:22   | Reached skill level 22 in Spellcasting
 89552 | Zig:22   | Killed a juggernaut
 89552 | Zig:22   | Killed a juggernaut
 89552 | Zig:22   | Killed a juggernaut
 89553 | Zig:22   | Noticed a juggernaut
 89556 | Zig:22   | Killed a juggernaut
 89588 | Zig:22   | Identified the +6 mace of Destiny {protect, +Rage} (You found it on level 22 of a ziggurat)
 89648 | Zig:23   | Entered Level 23 of a ziggurat
 89667 | Zig:23   | Reached skill level 5 in Evocations
 89673 | Zig:23   | Killed Ebosoiv the pandemonium lord
 89706 | Zig:23   | Gained mutation: You are weak. (Str -2) [mutagenic glow]
 89742 | Zig:23   | Got a scorched iron ring
 89743 | Zig:23   | Identified the ring "Becsiw" {Fire Str+2 Int+4 Stlth-} (You found it on level 23 of a ziggurat)
 89750 | Zig:23   | Identified the +2 large shield "Icvusoughi" {+Fly rF- Stlth+} (You found it on level 23 of a ziggurat)
 89755 | Zig:23   | Identified the +5 mace of the Abyss {freeze, rPois MP-9 Int+6} (You found it on level 23 of a ziggurat)
 89765 | Zig:23   | Identified the cursed +0 large shield of Valour {rPois Regen+ Dex-2} (You found it on level 23 of a ziggurat)
 89849 | Zig:24   | Entered Level 24 of a ziggurat
 89909 | Zig:24   | Got a wavering pewter ring
 89910 | Zig:24   | Identified the ring of the Doge {*Tele SInv} (You found it on level 24 of a ziggurat)
 89915 | Zig:24   | Identified the +8 demon whip of Peurr {flame, +Fly rC++ rN+ Int-2} (You found it on level 24 of a ziggurat)
 89917 | Zig:24   | Identified the +8 whip "Demonbane" {slash, Int+3} (You found it on level 24 of a ziggurat)
 89919 | Zig:24   | Got a coiled granite ring
 89920 | Zig:24   | Identified the cursed ring of Wett {rN++ Int-3} (You found it on level 24 of a ziggurat)
 89923 | Zig:24   | Identified Uxker's Reference Book on Execration
 89927 | Zig:24   | Got a flickering platinum ring
 89928 | Zig:24   | Identified the ring "Nibyxzoon" {rElec rN+ Str-2 Int+2 SInv} (You found it on level 24 of a ziggurat)
 89931 | Zig:24   | Identified the +10 scimitar of Iconoclasm {speed, rF+ rC+ Int+10 Stlth-} (You found it on level 24 of a ziggurat)
 89937 | Zig:24   | Got a coiled lead ring
 89938 | Zig:24   | Identified the ring "Jegh" {Str+2 SInv} (You found it on level 24 of a ziggurat)
 89949 | Zig:25   | Entered Level 25 of a ziggurat
 89958 | Zig:25   | Noticed Roribote the pandemonium lord
 89958 | Zig:25   | Noticed Duhusuni the pandemonium lord
 89958 | Zig:25   | Noticed Yledopuw the pandemonium lord
 89960 | Zig:25   | Noticed Wuacysh the pandemonium lord
 89965 | Zig:25   | Killed Duhusuni the pandemonium lord
 89967 | Zig:25   | Noticed Aphan the pandemonium lord
 89967 | Zig:25   | Killed Roribote the pandemonium lord
 89969 | Zig:25   | Noticed Wahyucson the pandemonium lord
 89970 | Zig:25   | Killed Yledopuw the pandemonium lord
 89972 | Zig:25   | Killed Wahyucson the pandemonium lord
 89973 | Zig:25   | Killed Aphan the pandemonium lord
 89974 | Zig:25   | Noticed Xohis the pandemonium lord
 89976 | Zig:25   | Noticed Jecov the pandemonium lord
 89977 | Zig:25   | Killed Xohis the pandemonium lord
 89977 | Zig:25   | Killed Wuacysh the pandemonium lord
 89983 | Zig:25   | Noticed Kikh the pandemonium lord
 89983 | Zig:25   | Killed Jecov the pandemonium lord
 89983 | Zig:25   | Killed Zinutrol the pandemonium lord
 89987 | Zig:25   | Killed Kikh the pandemonium lord
 89989 | Zig:25   | Noticed Zabla the pandemonium lord
 89992 | Zig:25   | Noticed Dikul the pandemonium lord
 89993 | Zig:25   | Killed Zabla the pandemonium lord
 89994 | Zig:25   | Killed Dikul the pandemonium lord
 89998 | Zig:25   | Noticed Ligol the pandemonium lord
 90001 | Zig:25   | Noticed Fojeri the pandemonium lord
 90004 | Zig:25   | Killed Fojeri the pandemonium lord
 90008 | Zig:25   | Noticed Echer the pandemonium lord
 90008 | Zig:25   | Killed Ligol the pandemonium lord
 90011 | Zig:25   | Iwannabefree: zig?ninuzhno!11
 90014 | Zig:25   | Noticed Ongiur Yseitz the pandemonium lord
 90014 | Zig:25   | Iwannabefree: otkuda 40 ac blya
 90016 | Zig:25   | Killed Ongiur Yseitz the pandemonium lord
 90017 | Zig:25   | Noticed Doufezijinn the pandemonium lord
 90017 | Zig:25   | Killed Echer the pandemonium lord
 90017 | Zig:25   | Iwannabefree: #
 90019 | Zig:25   | Killed Doufezijinn the pandemonium lord
 90020 | Zig:25   | ololoev: lol
 90020 | Zig:25   | ololoev: ahahah
 90020 | Zig:25   | ololoev: ninujno
 90023 | Zig:25   | Noticed Litim the pandemonium lord
 90265 | Zig:25   | Got a brightly glowing silver ring
 90266 | Zig:25   | Identified the ring of Isenkaosk {*Tele *Corrode rF+ rC++} (You found it on level 25 of a ziggurat)
 90285 | Zig:26   | Entered Level 26 of a ziggurat
 90296 | Zig:26   | Iwannabefree: у моего VpBe в гда меньше ас.
 90298 | Zig:26   | ololoev: lol ya ne tvoi VP!
 90301 | Zig:26   | Reached skill level 15 in Armour
 90310 | Zig:26   | Reached skill level 23 in Spellcasting
 90348 | Zig:26   | Identified the +10 war axe "Plog" {chop, Fragile rElec Dex+8 Stlth+} (You found it on level 26 of a ziggurat)
 90350 | Zig:26   | Got a fine lead ring
 90351 | Zig:26   | Identified the ring of Laczen {Fire *Corrode rPois Int+2} (You found it on level 26 of a ziggurat)
 90354 | Zig:26   | Identified Koesaani's Reference Book on Dark Secrets and Cold
 90378 | Zig:27   | Entered Level 27 of a ziggurat
 90378 | Zig:27   | Noticed nubinia's ghost (legendary MiMo)
 90383 | Zig:27   | Killed nubinia's ghost
 90390 | Zig:27   | Noticed an ancient lich
 90394 | Zig:27   | Killed an ancient lich
 90396 | Zig:27   | Reached skill level 10 in Shields
 90402 | Zig:27   | Noticed an ancient lich
 90403 | Zig:27   | Noticed an ancient lich
 90403 | Zig:27   | Killed an ancient lich
 90404 | Zig:27   | Killed an ancient lich
 90431 | Zig:27   | Got a pitted silver ring
 90432 | Zig:27   | Identified the ring "Weuseirph" {Ice rElec Dex+7} (You found it on level 27 of a ziggurat)
 90437 | Zig:27   | Got a vibrating bronze ring
 90438 | Zig:27   | Identified the ring of Kaynumo {+Blink MR+ Str-5 SInv Stlth-} (You found it on level 27 of a ziggurat)
 90534 | Zot:1    | Entered Level 1 of the Realm of Zot
 91074 | Zot:5    | Entered Level 5 of the Realm of Zot
 91122 | Zot:5    | Noticed an ancient lich
 91321 | Zot:5    | Killed an ancient lich
 91412 | Zot:5    | Noticed an ancient lich
 91419 | Zot:5    | Killed an ancient lich
 91540 | Zot:5    | Noticed an ancient lich
 91542 | Zot:5    | Killed an ancient lich
 91607 | Zot:5    | Noticed an ancient lich
 91860 | Zot:5    | Noticed an orb of fire
 91863 | Zot:5    | Killed an orb of fire
 91901 | Zot:5    | Noticed an orb of fire
 91904 | Zot:5    | Killed an orb of fire
 91914 | Zot:5    | Noticed an ancient lich
 91918 | Zot:5    | Killed an ancient lich
 92291 | Zot:5    | Killed an ancient lich
 92296 | Zot:5    | Noticed an ancient lich
 92299 | Zot:5    | Killed an ancient lich
 92412 | Zot:5    | Noticed an orb of fire
 92413 | Zot:5    | Gained mutation: You are clumsy. (Dex -2) [an orb of fire]
 92415 | Zot:5    | Killed an orb of fire
 92533 | Zot:5    | Got the Orb of Zot
 92751 | D:15     | Noticed Worepol the pandemonium lord
 92756 | D:15     | Killed Worepol the pandemonium lord
 92757 | D:15     | Reached skill level 15 in Shields
 92792 | D:15     | Noticed Lydgh the pandemonium lord
 92833 | D:14     | Noticed Ilyehig the pandemonium lord
 92897 | D:13     | Killed Agnes
 93029 | D:7      | Noticed Kootiox the pandemonium lord
 93151 | D:$      | Escaped with the Orb!

Dungeon Overview and Level Annotations

Branches:
Dungeon (15/15)            Temple (1/1) D:5            Lair (6/6) D:9
  Swamp (4/4) Lair:4       Spider (4/4) Lair:2        Slime (5/5) Lair:6
    Orc (2/2) D:12            Elf (3/3) Orc:2        Vaults (5/5) D:13
  Crypt (3/3) Vaults:2       Tomb (0/3) Crypt:3      Depths (5/5) D:15
    Zot (5/5) Depths:5

Altars:
Ashenzari
Cheibriados
Dithmenos
Fedhas
Gozag
Hepliaklqana
Kikubaaqudgha
Makhleb
Nemelex Xobeh
Okawaru
Qazlal
Ru
Sif Muna
Trog
Uskayaw
Vehumet
Wu Jian
Xom
Yredelemnul
Zin
The Shining One
Beogh
Jiyva
Lugonu

Shops:
D:12 [:?%*   Orc:1 =   Orc:2 *}*%   Elf:1 (   Vaults:4 (   Depths:5 :

Portals:
Hell: Depths:1 Depths:2 Depths:3 Depths:4 Depths:5
Abyss: Depths:3 Depths:4
Pandemonium: Depths:3

Annotations:
Elf:2 3 runed doors, exclusion: door
Depths:5 5 runed doors


Message History

Confirm with . or Enter, or press ? or * to list all spells.
Aiming: Lehudib's Crystal Spear
Press: ? - help, Shift-Dir - straight line, f - angel
Aim: an angel, wielding a sacred scourge of holy wrath and wearing a robe (haloed)
The crystal spear hits the angel.
The angel is severely wounded.
Casting: Lehudib's Crystal Spear
Confirm with . or Enter, or press ? or * to list all spells.
Aiming: Lehudib's Crystal Spear
Press: ? - help, Shift-Dir - straight line, f/p - angel
Aim: an angel, wielding a sacred scourge of holy wrath and wearing a robe (severely wounded, haloed)
The crystal spear hits the angel.
You kill the angel!
Vehumet accepts your kill.
You feel your power returning.
Evoke which item? (* to show all) (? for menu, Esc to quit)
Aiming: Dig
Press: ? - help, Shift-Dir - straight line The rock shatters into small pieces.
This wand has 14 charges left.
(D) Dungeon (T) Temple (L) Lair (S) Swamp (N) Spider Nest (M) Slime Pits (O) Orcish Mines (E) Elven Halls (V) Vaults (C) Crypt (W) Tomb (U) Depths (H) Hell (Z) Zot
Where to? (Enter - D:1 @ (x,y), ? - help)
There is a stone staircase leading up here.
You climb upwards.
There is a stone staircase leading down here.
Your skin is crawling a little less now.
Your skin stops crawling.
There is a stone staircase leading up here.
You climb upwards.
There is a stone staircase leading down here.
Kootiox comes into view.
There is a stone staircase leading up here.
You climb upwards.
There is a stone staircase leading down here.
(D) Dungeon (T) Temple (L) Lair (S) Swamp (N) Spider Nest (M) Slime Pits (O) Orcish Mines (E) Elven Halls (V) Vaults (C) Crypt (W) Tomb (U) Depths (H) Hell (Z) Zot
Where to? (Enter - D:1 @ (x,y), ? - help)
You see here a trident.
There is an open door here.
You see here a mace.
Magic restored.
There is a stone staircase leading up here.
You climb upwards.
There is a stone staircase leading down here.
Your magical contamination has completely faded away.
A shadow imp comes into view.
There is a stone staircase leading up here.
Casting: Lehudib's Crystal Spear
Confirm with . or Enter, or press ? or * to list all spells.
Aiming: Lehudib's Crystal Spear
Press: ? - help, Shift-Dir - straight line, f - shadow imp
Aim: a shadow imp The crystal spear hits the shadow imp.
You kill the shadow imp!
Vehumet accepts your kill.
You feel your power returning.
(D) Dungeon (T) Temple (L) Lair (S) Swamp (N) Spider Nest (M) Slime Pits (O) Orcish Mines (E) Elven Halls (V) Vaults (C) Crypt (W) Tomb (U) Depths (H) Hell (Z) Zot
Where to? (Enter - D:1 @ (x,y), ? - help)
You climb upwards.
There is a stone staircase leading down here.
Magic restored.
There is a stone staircase leading up here.
You climb upwards.
There is a stone staircase leading down here.
There is a stone staircase leading up here.
You climb upwards.
There is a stone staircase leading down here.
There is a stone staircase leading up here.
You climb upwards.
There is a stone staircase leading down here.
There is an open door here.
There is a staircase leading out of the dungeon here.
You have escaped!

There were no monsters in sight!

Vanquished Creatures
  the Royal Jelly (Slime:5)
  The ghost of nubinia the Minotaur Barricade, a legendary MiMo of Zin (Zig:27)
  5 orbs of fire
  Mara (Depths:4)
  11 ancient liches
  8 juggernauts
  17 greater mummies
  16 pandemonium lords
  Saint Roka (Vaults:5)
  7 Killer Klowns
  8 golden dragons
  Jory (Vaults:5)
  Nikola (Swamp:2)
  6 Brimstone Fiends
  2 Tzitzimimeh (Zig:23)
  4 bone dragons
  11 liches
  18 tentacled monstrosities
  Rupert (D:13)
  3 Hell Sentinels (Zig:23)
  2 Ice Fiends (Zig:23)
  The ghost of Morrissey the Tortoise, an adept MiBe of Trog (Vaults:1)
  12 electric golems
  25 Orb Guardians
  9 titans
  12 quicksilver dragons
  4 deep elf blademasters
  3 Executioners
  18 acid blobs
  9 sphinxes
  2 tentacled starspawn (Zig:21)
  4 deep elf master archers
  Agnes (D:13)
  Kirke (D:14)
  6 death cobs
  19 storm dragons
  5 tengu reavers
  6 thorn hunters
  25 nagarajas
  6 revenants
  2 shadow dragons (shapeshifter) (Zig:25)
  12 ancient champions
  Gastronok (Lair:2)
  2 warmongers (Zig:23)
  14 shadow dragons
  12 frost giants
  16 azure jellies
  9 iron dragons
  21 vault wardens
  15 fire giants
  An emperor scorpion (shapeshifter) (Zig:25)
  12 ghost moths
  8 draconian knights
  Louise (Swamp:4)
  9 balrugs
  11 orc warlords
  10 deep elf sorcerers
  A fire giant (shapeshifter) (Zig:25)
  2 juggernaut zombies (Zig:16)
  An angel (D:9)
  A cacodemon (Zig:21)
  15 emperor scorpions
  4 draconian stormcallers
  6 corrupters (Zig:23)
  7 draconian scorchers
  2 caustic shrike zombies
  4 draconian shifters
  5 curse skulls
  26 stone giants
  3 draconian annihilators
  6 war gargoyles
  7 reapers
  2 juggernaut skeletons (Zig:12)
  3 deep elf elementalists
  21 very ugly things
  18 ironheart preservers
  2 stone giants (shapeshifter) (Zig:25)
  9 ghouls
  Nessos (D:14)
  5 blood saints
  15 green draconians
  An entropy weaver (Spider:2)
  6 starcursed masses (Zig:21)
  4 bennus (Zig:20)
  11 deep elf demonologists
  12 vampire knights
  10 black draconians
  12 deep elf annihilators
  A dire elephant (D:15)
  8 purple draconians
  7 white draconians
  13 eidola
  12 spark wasps
  11 red draconians
  2 green deaths (Zig:23)
  16 yellow draconians
  4 blizzard demons
  12 ettins
  4 crystal guardians
  7 death oozes
  A quicksilver dragon zombie (Zig:16)
  4 merfolk javelineers (Zig:26)
  16 deep elf death magi
  Fannar (Lair:1)
  11 jiangshi
  24 mummy priests
  The ghost of Yehuk the Transmogrifier, a journeyman TrTm of Cheibriados (D:10)
  14 fire dragons
  25 yaktaur captains
  31 vault guards
  9 deep elf high priests
  3 quicksilver dragon skeletons
  11 great orbs of eyes
  11 rakshasas
  5 naga warriors
  20 ice dragons
  6 spriggan air magi
  4 ghost crabs
  25 hydras
  3 alligator snapping turtles (Zig:26)
  A hell beast (Zig:23)
  2 merfolk avatars (Zig:26)
  A catoblepas (Lair:6)
  4 merfolk aquamancers (Zig:26)
  Erica (Lair:2)
  13 alligators
  7 death knights
  14 centaur warriors
  3 hell hogs
  25 dancing weapons
  58 two-headed ogres
  A satyr (shapeshifter) (Depths:1)
  Urug (D:13)
  3 death scarabs
  20 ogre magi
  A two-headed ogre (shapeshifter) (Zig:9)
  7 tengu warriors
  9 deep troll shamans
  9 death yaks
  2 titan zombies
  6 deep troll earth magi
  6 thrashing horrors (Zig:21)
  6 naga sharpshooters
  10 shock serpents
  Sonja (Lair:2)
  18 vampire magi
  14 hell knights
  13 orc high priests
  A shock serpent (shapeshifter) (Zig:25)
  3 spriggan berserkers (Depths:5)
  3 wretched stars (Zig:21)
  9 soul eaters
  17 deep elf knights
  A titan skeleton (Zig:16)
  3 sun demons
  2 iron trolls (shapeshifter) (Zig:25)
  A spatial maelstrom (Zig:21)
  7 shadow wraiths
  11 iron trolls
  40 skeletal warriors
  A ghost moth zombie (Crypt:1)
  3 naga ritualists
  2 sea snakes (shapeshifter)
  2 sixfirhies
  2 storm dragon skeletons (Zig:13)
  2 unseen horrors (shapeshifter)
  5 death drakes
  A golden dragon zombie (Zig:17)
  A spark wasp zombie (Zig:12)
  3 orange crystal statues
  4 spriggan druids
  A spectral anaconda (Depths:4)
  33 deep trolls
  7 shambling mangroves
  2 shadow dragon zombies
  9 glowing orange brains
  An anaconda zombie (Crypt:1)
  Pikel (D:5)
  19 deep elf archers
  An unseen horror (D:13)
  3 golden dragon skeletons
  2 shadow demons
  A spectral minotaur (Depths:4)
  2 infernal demonspawn (Depths:3)
  18 ironbrand convokers
  3 wizards
  13 swamp dragons
  2 tengu zombies
  A wolf spider zombie (D:15)
  14 flayed ghosts
  13 necromancers
  2 sphinx zombies
  13 phantasmal warriors
  4 lindwurms (Lair:6)
  20 orc knights
  3 anaconda skeletons
  7 harpies (Vaults:3)
  2 orb spiders (shapeshifter) (Depths:1)
  A manticore (D:13)
  73 deep elf magi
  A shining eye (shapeshifter) (Zig:25)
  8 shining eyes
  3 mana vipers
  6 orc sorcerers
  9 orb spiders
  An iron dragon zombie (Zig:13)
  2 frost giant zombies
  3 tengu skeletons
  31 wolf spiders
  A fire giant zombie (Zig:13)
  12 oklob plants
  A cyclops (shapeshifter) (Zig:9)
  2 salamanders
  17 moths of wrath
  53 ugly things
  A spriggan zombie (Zig:12)
  6 cyclopes
  A salamander (shapeshifter) (Vaults:2)
  A titan simulacrum (Crypt:1)
  5 ice statues (IceCv)
  A sphinx skeleton (Zig:12)
  A rust devil (D:13)
  2 centaur zombies
  3 apocalypse crabs
  2 fire giant skeletons
  4 frost giant skeletons
  12 guardian serpents
  4 merfolk sirens
  A stone giant skeleton (Vaults:5)
  8 torpor snails
  A guardian serpent (shapeshifter) (Vaults:3)
  13 naga magi
  25 black mambas
  14 vault sentinels
  28 elephants
  An eye of devastation (Zig:8)
  3 smoke demons
  29 spiny frogs
  6 orange demons
  2 spriggan skeletons (Zig:16)
  A dire elephant skeleton (Crypt:3)
  3 human zombies
  2 tormentors
  7 rime drakes
  12 demonic crawlers
  9 hellions
  54 yaktaurs
  10 komodo dragons
  2 gargoyles
  A kobold demonologist (Bailey)
  A spectral merfolk (Depths:4)
  2 anaconda simulacra (IceCv)
  2 efreet
  A rime drake (shapeshifter) (Vaults:2)
  An emperor scorpion zombie (Crypt:1)
  13 freezing wraiths
  2 hellwings (Zig:23)
  29 guardian mummies
  An ice devil (Depths:1)
  A redback zombie (D:15)
  3 polar bears (shapeshifter)
  A catoblepas skeleton (Crypt:3)
  4 merfolk (Zig:26)
  3 ancient zymes (Zig:21)
  20 trolls
  2 golden dragon simulacra (IceCv)
  A troll (shapeshifter) (Elf:2)
  An iron troll skeleton (Crypt:2)
  4 red devils (Zig:16)
  6 tengu conjurers
  24 jumping spiders
  A merfolk (shapeshifter) (Zig:25)
  A tyrant leech (shapeshifter) (Vaults:1)
  A meliai (shapeshifter) (D:15)
  3 meliai (D:15)
  A jumping spider (shapeshifter) (Vaults:1)
  A tengu simulacrum (Vaults:3)
  36 hornets
  16 raiju
  A sphinx simulacrum (Zig:13)
  Prince Ribbit (D:9)
  3 wind drakes (Zig:19)
  2 shadow dragon simulacra
  A moth of wrath zombie (Crypt:2)
  2 polar bears
  14 tyrant leeches
  9 bog bodies
  2 ettin zombies
  3 slime creatures (shapeshifter)
  A satyr zombie (Crypt:2)
  84 slime creatures
  22 blink frogs
  A blink frog (shapeshifter) (Vaults:1)
  A snapping turtle (shapeshifter) (Zig:25)
  7 dream sheep (Lair:6)
  13 hippogriffs
  47 flying skulls
  A raiju (shapeshifter) (Depths:3)
  16 air elementals
  A fire dragon skeleton (Crypt:1)
  24 tarantellas
  2 dire elephant simulacra
  10 spriggans
  19 water elementals
  10 shadows
  Sigmund (D:3)
  3 vampires
  A redback (shapeshifter) (Zig:25)
  8 wyverns
  A human (shapeshifter) (Vaults:4)
  64 redbacks
  13 ushabtiu
  37 yaks
  A fire bat (shapeshifter) (Zig:25)
  A tarantella (shapeshifter) (Depths:2)
  3 fire elementals
  16 humans (D:13)
  20 wraiths
  7 hogs (D:14)
  6 basilisks
  3 ynoxinuls (Zig:21)
  4 hungry ghosts
  A neqoxec (Zig:21)
  4 fire bats (Depths:1)
  6 golden eyes
  A golden eye (shapeshifter) (Zig:25)
  2 swamp worm simulacra (Swamp:4)
  3 chaos spawn
  Grum (Lair:1)
  5 steam dragons
  19 vampire mosquitoes
  9 wargs
  14 swamp worms
  Menkaure (D:6)
  A naga (shapeshifter) (D:13)
  2 spatial vortices (Zig:21)
  A soldier ant (D:12)
  30 insubstantial wisps
  An iron troll simulacrum (IceCv)
  8 acid dragons
  15 hydra simulacra
  14 large abominations
  3 nagas
  A porcupine (shapeshifter) (D:12)
  A spectral spriggan (Depths:4)
  8 hell hounds
  11 porcupines
  11 water moccasins
  A floating eye (Depths:4)
  67 orc warriors
  16 swamp drakes
  2 spectral trolls (Depths:4)
  3 black bears
  2 sky beasts
  A snapping turtle zombie (Depths:4)
  Duvessa (D:5)
  A slave (D:5)
  9 ice beasts
  2 elf zombies
  4 eyes of draining
  4 phantoms
  8 necrophages
  18 centaurs
  74 ogres
  26 boggarts
  27 wolves
  A tengu (shapeshifter) (Depths:5)
  A manticore skeleton (Crypt:3)
  14 crocodiles
  A hog skeleton (Crypt:2)
  Blork the orc (D:5)
  2 big kobolds
  A small abomination (Zig:21)
  16 bullfrogs
  A yaktaur zombie (Crypt:1)
  2 wyvern zombies
  4 gnoll sergeants
  4 earth elementals
  A wyvern skeleton (D:9)
  A water moccasin zombie (Crypt:2)
  A merfolk simulacrum (Depths:4)
  Dowan (D:5)
  4 scorpions
  A spectral ogre (Depths:4)
  2 spectral nagas (Depths:4)
  An oklob sapling (Swamp:3)
  9 wights
  A howler monkey (shapeshifter) (Vaults:2)
  10 killer bees
  3 howler monkeys
  A raiju skeleton (Crypt:1)
  3 spectral centaurs (Depths:4)
  19 electric eels
  8 crimson imps
  10 hounds
  9 jellies
  2 bullfrog zombies
  4 centaur skeletons
  3 bullfrog skeletons
  28 orc priests
  40 orc wizards
  An iron imp (Depths:1)
  Jessica (D:2)
  Ijyb (D:3)
  2 iguanas
  13 worker ants
  A lightning spire (Zig:12)
  A porcupine skeleton (Crypt:1)
  2 worker ants (shapeshifter)
  A spriggan simulacrum (Depths:4)
  A felid zombie (Crypt:1)
  A crocodile skeleton (Crypt:2)
  4 human simulacra
  A demigod skeleton (Crypt:2)
  50 mummies
  3 hound skeletons
  A worker ant zombie (D:5)
  11 adders
  13 gnolls
  A howler monkey skeleton (Crypt:1)
  2 shadow imps
  A white imp (Zig:1)
  11 oozes
  6 swamp drake simulacra (Swamp:4)
  2 adder zombies
  7 worms
  7 leopard geckos
  144 orcs
  3 bats
  8 giant cockroaches
  19 goblins
  12 hobgoblins
  4 jackals (D:8)
  6 quokkas
  A ball python (D:4)
  15 frilled lizards
  2 jackal skeletons
  A jackal zombie (D:7)
  18 kobolds
  An orc skeleton (Crypt:3)
  A quokka skeleton (D:4)
  11 rats
  2 bushes
  5 crawling corpses (Vaults:4)
  11 fungi
  33 plants
  2 starspawn tentacles (Zig:21)
3830 creatures vanquished.

Vanquished Creatures (collateral kills)
  An ancient lich (Zig:27)
  2 liches
  2 electric golems (Zig:24)
  3 Orb Guardians (Zot:5)
  3 pandemonium lords (Zig:25)
  A cacodemon (Zig:23)
  An ironheart preserver (Vaults:3)
  A vampire knight (Zig:27)
  2 yellow draconians (Zot:5)
  A yaktaur captain (Vaults:3)
  A rakshasa (Zig:25)
  A titan zombie (Crypt:3)
  A titan skeleton (Zig:20)
  A tengu zombie (Zig:16)
  An iron dragon zombie (Zig:16)
  A harpy (Vaults:3)
  A hellion (Zig:23)
  An air elemental (Zig:24)
  A spriggan (shapeshifter) (Vaults:3)
  A redback (shapeshifter) (Zig:25)
  A steam dragon (Zig:19)
  An acid dragon (Zig:19)
29 creatures vanquished.

Vanquished Creatures (others)
  An eldritch tentacle (Zig:25)
  A draconian scorcher (Zot:2)
  2 stone giants (Depths:1)
  A purple draconian (Zot:2)
  A rakshasa (Zig:25)
  A ghost crab (Swamp:2)
  2 centaur warriors (Depths:1)
  A spriggan zombie (Zig:17)
  A black mamba (Zig:18)
  A gargoyle (D:13)
  A vault sentinel (Vaults:4)
  A spiny frog (Swamp:2)
  A yaktaur (Vaults:3)
  An insubstantial wisp (Swamp:1)
  A small abomination (Zig:21)
  A ball lightning (Zot:5)
  A bush (Lair:6)
  431 fire vortices
  45 fungi
  60 plants
555 creatures vanquished.

Grand Total: 4414 creatures vanquished

Action                   |  1- 3 |  4- 6 |  7- 9 | 10-12 | 13-15 | 16-18 | 19-21 | 22-24 | 25-27 || total
-------------------------+-------+-------+-------+-------+-------+-------+-------+-------+-------++-------
Melee: Unarmed           |    36 |       |       |       |       |     3 |       |       |       ||    39
       Bite              |     3 |     1 |     7 |     3 |    17 |    24 |    11 |    34 |    19 ||   119
       Dagger            |    24 |    19 |       |       |       |       |       |       |       ||    43
       Quarterstaff      |       |       |    85 |    24 |   103 |       |       |       |       ||   212
       Staff             |       |       |       |       |    23 |   256 |    69 |       |       ||   348
       Hand axe          |       |       |       |       |       |       |       |   160 |    78 ||   238
       Scimitar          |       |       |       |       |       |       |       |       |     1 ||     1
 Cast: Flame Tongue      |    74 |   143 |   134 |   192 |   141 |     3 |     1 |       |       ||   688
       Conjure Flame     |       |     7 |    21 |    27 |    31 |    11 |       |       |       ||    97
       Inner Flame       |       |     4 |    16 |    16 |    40 |    23 |    11 |    48 |       ||   158
       Sticky Flame      |       |       |    21 |    22 |    68 |    81 |    25 |    58 |    15 ||   290
       Fireball          |       |       |       |    30 |   450 |   837 |   531 |   663 |   358 ||  2869
       Orb of Destructio |       |       |       |       |       |    19 |    28 |   121 |   203 ||   371
       Ignition          |       |       |       |       |       |       |       |    16 |   175 ||   191
       Regeneration      |       |       |       |       |       |       |       |       |    46 ||    46
       Apportation       |       |       |       |       |       |       |       |       |     1 ||     1
       Fire Storm        |       |       |       |       |       |       |       |       |   183 ||   183
       Lehudib's Crystal |       |       |       |       |       |       |       |       |   131 ||   131
 Abil: End Transformatio |       |       |       |     3 |     4 |     4 |       |     4 |     6 ||    21
       Bat Form          |       |       |       |     3 |     4 |     4 |       |     4 |     6 ||    21
Evoke: Wand              |       |       |     3 |       |     1 |       |     1 |     1 |    24 ||    30
       Phial of floods   |       |       |       |       |       |     3 |       |       |       ||     3
       Lamp of fire      |       |       |       |       |       |       |     2 |     1 |       ||     3
  Use: Potion            |       |     2 |     6 |    14 |    18 |    25 |    25 |    40 |    67 ||   197
       Scroll            |       |    14 |     4 |    10 |    14 |    15 |    14 |    18 |    72 ||   161
 Stab: Sleeping          |     1 |       |     4 |       |       |       |       |       |       ||     5
       Distracted        |       |       |       |       |       |     1 |       |       |       ||     1
  Eat: Corpse            |     5 |     8 |    12 |     9 |    47 |    41 |    17 |    11 |    16 ||   166
Armor: Robe              |    23 |    13 |    16 |     4 |       |       |       |       |       ||    56
       Ice dragon scales |       |       |       |     6 |   219 |   395 |    42 |   177 |   186 ||  1025
       Leather armour    |       |       |       |       |       |     1 |     1 |       |       ||     2
Dodge: Dodged            |    62 |    60 |   102 |    46 |   145 |   546 |   106 |   369 |   304 ||  1740
Block: Buckler           |       |       |       |       |       |       |    65 |   224 |   126 ||   415
       Reflection        |       |       |       |       |       |       |       |    33 |       ||    33
       Shield            |       |       |       |       |       |       |       |       |    39 ||    39
       Rpst.: Scimitar   |       |       |       |       |       |       |       |       |    11 ||    11

Vault maps used:
D:1:      saegor_arrival_simple_d, minmay_lizard_king
D:2:      tgw_trog, grunt_dithmenos_smoke, chequers_ecumenical_altar_simple,
          first_bread, uniq_jessica
D:3:      lemuel_upstairs_altar, bloody_makhleb, uniq_sigmund, uniq_iyjb
D:4:      okawaru_gym_becter, serial_shops, nicolae_shop_window_shopping,
          nicolae_qazlal_general_emergency
D:5:      minmay_temple_entry_glass, kennysheep_decorative_pillar,
          kennysheep_generic_room_10, uniq_duvessa, uniq_pikel,
          uniq_blork_the_orc
D:6:      serial_curves, eino_curves_03, eino_curves_04, eino_curves_04,
          uniq_menkaure
D:7:      the_bakery, amethyst_killhole
D:8:      nicolae_ru_sacrificial_ziggurat, nicolae_overflow_crystal_walls
D:9:      tso_altar, david_lair_shrubbed, uniq_prince_ribbit1
D:10:     hangedman_decor_lopped
D:11:     enter_bailey_3, basic_altar, stair_cage_wide, lemuel_oklob_altar
D:12:     kennysheep_orc_monster_closet_entryway, serial_shops,
          nicolae_shop_statue_plus, nicolae_shop_statue_plus, shop, shop,
          shop_scrolls
D:13:     david_vaults_3, basic_altar, bh_circular_ruins
D:14:     serial_bayou_shore_a, minmay_misc_feat_tower, uniq_kirke, uniq_agnes,
          uniq_nessos
D:15:     hangedman_depths_entry_try_elsewhere_first, fedhas_altar_fruit_tree
Temple:   kb_temple_of_zot
Lair:1:   grunt_forest_small_clearing_treed, uniq_fannar, uniq_grum
Lair:2:   nicolae_spider_entry_non_spiders, basic_altar,
          infiniplex_staircase_pool_2, grunt_megastairs_4, uniq_erica,
          uniq_sonja, uniq_gastronok
Lair:3:   lemuel_fruit_fields, grunt_megastairs_3, infiniplex_staircase_pool,
          minmay_lair_oklob_chamber
Lair:4:   swamp_mist_pool, basic_altar
Lair:5:   minivault_11
Lair:6:   wormcave, hangedman_lair_in_review, slime_altar_2, lemuel_fruit_tree
Swamp:1:  serial_swamp_ruin, evilmike_swamp_ruin_house_2,
          evilmike_swamp_ruin_rubble_2, evilmike_swamp_ruin_rubble_1
Swamp:2:  evilmike_swamp_ruin_house_1, swamp_pool1, hangedman_swamp_dais,
          uniq_nikola
Swamp:3:  nicolae_swamp_phyte_club, nicolae_swamp_triple_paths, swamp_pool1
Swamp:4:  swamp_icy, nicolae_swamp_fairy_circle, uniq_louise
Spider:4: spider_rune_water, portal_ice_cave_entry_pillars_2
Slime:3:  nicolae_slime_welcoming_committee
Orc:1:    nicolae_orc_accident_2, serial_shops, shop_statue
Orc:2:    st_orc_open, library_closet, nicolae_orc_flooded_monolith,
          nicolae_orc_rockfall
Elf:1:    serial_shops, shop, kennysheep_underground_church, nooodl_food_tri
Elf:3:    minmay_elf_hall_spiked
Vaults:1: st_star, hangedman_vaults_restitches, nicolae_vaults_shelves_hall,
          hangedman_vaults_stagger, vaults_mumra_hexcomb,
          nicolae_vaults_little_ls, hangedman_vaults_cutoff
Vaults:2: hangedman_vaults_impose, nicolae_vaults_network_barrier, v_misc_32,
          minmay_crypt_entry_necro_gods, hangedman_vaults_snaps,
          vaults_room_glass_cross, ontoclasm_vaults_ring_square,
          vaults_room_pools, vaults_room_semicircle,
          ontoclasm_vaults_decontamination
Vaults:3: nicolae_vaults_hallways_thing, ontoclasm_vaults_spin,
          ontoclasm_vaults_bender, vaults_mumra_minichess,
          ontoclasm_vaults_gateway, v_rooms_4, v_misc_3, v_alt_pattern_2,
          nicolae_vaults_little_squares_4, vaults_room_door_ring,
          hangedman_vaults_river_flow, vaults_dpeg_cross,
          vaults_room_hangedman_quadrants, ontoclasm_vaults_ligature,
          nicolae_vaults_specimen_jars, v_misc_22, ontoclasm_vaults_fault,
          ontoclasm_vaults_hangar, serial_shops, bzr_entry_road
Vaults:4: nicolae_vaults_network_star, grunt_vaults_funnel,
          vaults_standard_mumra_lines, nicolae_vaults_octagons,
          vaults_room_door_hall, vaults_dpeg_doors,
          nicolae_vaults_stairing_the_circle, nicolae_vaults_ring_of_whatevers,
          vaults_room_stairs_pillars, grunt_vaults_hallway_short, serial_shops,
          nicolae_shop_waterfront
Vaults:5: serial_shops, uniq_saint_roka, uniq_jory
Crypt:1:  grunt_crypt_arrival_webbed
Crypt:3:  cryptofortress_bobbens
Depths:1: minmay_heptahexagon, grunt_hell_entry_dis_grunt, wad_hexagon
Depths:2: wad_cavern_with_rooms, trove_entry_hex_spiral, solitary_fountain,
          lightli_too_deep
Depths:3: evilmike_iron_armoury, rand_demon_pan_entry_5, kennysheep_donut,
          abyss_entry_flame_altar, pf_coc_iceberg
Depths:4: lemuel_river_lethe, hell_entry, abyss_entry, uniq_mara
Depths:5: evilmike_zot_entry_castle, enter_ziggurat_a, serial_bayou_pond_c,
          serial_shops, nicolae_shop_window_shopping,
          hangedman_tar_grid_catacomb
Zot:1:    st_stairs_7, uniq_tiamat
Zot:2:    minmay_elemental_castle, st_stairs_13
Zot:3:    kennysheep_ambush_hall, grunt_megastairs_2
Zot:4:    grunt_deathspiral_small, bh_zot_ikea_curve, st_single_dragon_hoard_1
Zig:6:    ziggurat_pillar_centre_dead_trees
Zig:18:   ziggurat_pillar_centre_oklobs
Zig:25:   ziggurat_pillar_centre_drop
Zig:26:   ziggurat_pillar_centre_smoke
Bazaar:   bazaar_minmay_generic_island
Trove:    trove_simple
Bailey:   bailey_axe_of_yendor_kennysheep, bailey
IceCv:    ice_cave_statue_garden_chambered
